 Dungeon Crawl Stone Soup version 0.30.1-11-g7821555f0a (webtiles) character file.

Game seed: 11289028480162246835

183 Okkudo the Chopper (level 5, -4/46 HPs)
             Began as a Hill Orc Monk on Dec 7, 2023.
             Was a Believer of Beogh.
             Killed from afar by an electric eel (8 damage)
             ... with a bolt of electricity
             ... on level 3 of the Dungeon.
             The game lasted 00:07:50 (2887 turns).

Okkudo the Chopper (Hill Orc Monk)                  Turns: 2887, Time: 00:07:51

Health: -4/46      AC:  5    Str: 16    XL:     5   Next: 62%
Magic:  5/5        EV: 12    Int: 16    God:    Beogh [**....]
Gold:   179        SH:  0    Dex: 13    Spells: 4/4 levels left

rFire   . . .        t - +5 sling
rCold   + . .        d - orb {light}
rNeg    . . .        j - +0 leather armour
rPois   .            l - +0 helmet
rElec   .            (no cloak)
rCorr   .            (no gloves)
SInv    .            n - +0 pair of boots
Will    .....        (no amulet)
Stlth   +            f - ring of protection from cold
HPRegen 0.27/turn    r - +6 ring of intelligence
MPRegen 0.09/turn

%: no passive effects
@: glowing, very slow
A: no striking features
a: Renounce Religion, Smiting


You were on level 3 of the Dungeon.
You worshipped Beogh.
Beogh was pleased with you.
You visited 1 branch of the dungeon, and saw 3 of its levels.

You collected 179 gold pieces.

Inventory:

Hand Weapons
 a - a +0 hand axe
 t - a +5 sling (weapon)
Armour
 d - an orb of light (worn)
 j - a +0 leather armour (worn)
 l - a +0 helmet (worn)
 n - a +0 pair of boots (worn)
Jewellery
 f - a ring of protection from cold (left hand)
 r - a +6 ring of intelligence (right hand)
Wands
 o - a wand of flame (49)
Scrolls
 e - 4 scrolls of identify {unknown}
 g - 3 scrolls of fog {unknown}
 i - a scroll of enchant armour {unknown}
 m - 2 scrolls of enchant weapon {unknown}
 p - a scroll of fear {unknown}
 q - a scroll of vulnerability {unknown}
 s - a scroll of amnesia {unknown}
Potions
 b - a potion of haste {unknown}
 c - a potion of ambrosia
 h - 2 potions of heal wounds {unknown}
 k - 2 potions of curing {unknown}


   Skills:
 - Level 4.1 Fighting
 * Level 7.6 Axes
 - Level 2.7 Dodging


You had 4 spell levels left.
You didn't know any spells.
Your spell library contained the following spells:

 Spells                   Type           Power      Damage    Failure   Level
 Magic Dart               Conj           0%         1d3       30%         1
 Shock                    Conj/Air       0%         1d3       30%         1
 Call Imp                 Summ           0%         N/A       43%         2
 Frozen Ramparts          Ice            0%         1d1       67%         3
 Mephitic Cloud           Conj/Pois/Air  0%         N/A       67%         3
 Swiftness                Air            0%         N/A       67%         3
 Airstrike                Air            0%         2d(0-16)  97%         4
 Ice Form                 Ice/Tmut       0%         N/A       97%         4
 Summon Ice Beast         Ice/Summ       0%         N/A       97%         4


Dungeon Overview and Level Annotations

Branches:
Dungeon (3/15)

Altars:
Makhleb

Annotations:
D:3 1 transporter


Message History

Partly explored, unvisited transporter.
Partly explored, unvisited transporter.
There is a transporter here.
There is a transporter here.
You enter the transporter and appear at another place.
o - a wand of flame (50) (gained 22 charges)
You shoot a sling bullet. The sling bullet hits the plant!
The plant begins to die.
The plant is lightly damaged.
You shoot a sling bullet. The sling bullet hits the plant!
The plant is lightly damaged.
You shoot a sling bullet. The sling bullet hits the plant!
The plant is lightly damaged.
A nearby plant withers and dies.
You enter the shallow water.
Moving in this stuff is going to be slow.
You open the door.
The electric eel shoots out a bolt of lightning at you!
The bolt of electricity misses you.
Aiming: Throw Flame
Press: ? - help, Shift-Dir - straight line, f - electric eel
Aim: an electric eel (haloed, 66% to hit)
The puff of flame hits the electric eel.
The electric eel is moderately wounded.
You enter the shallow water.
Moving in this stuff is going to be slow.
The electric eel shoots out a bolt of lightning at you!
The bolt of electricity hits you! x2
The electric eel is engulfed in a cloud of scalding steam.
Fire: t) +5 sling
Press: ? - help, Q - select action, (/) - cycle Shift-Dir - straight line, f - electric eel, p - electric eel
Aim: an electric eel (46% to hit)
You shoot a sling bullet.
The sling bullet misses the electric eel.
The electric eel shoots out a bolt of lightning at you!
The bolt of electricity hits you! x2
* * * LOW HITPOINT WARNING * * *
The electric eel shoots out a bolt of lightning at you!
The bolt of electricity misses you. The bolt of electricity hits you!
You die...

########............)⌠...#
.........#########...)..##
..<....................##
.........#######.....###
.........###.........#
.....................#
.....................##
....###############...#
....#8P#~~~~~~S#@8#.#.#
....#..#.......#..#...#
...©#©$+...⌠...'.©#©..#
.#..#..#.......#..#..##
.##.#8P#~~~~~SS#P8#.##
.##.###############.#
....................#
.............########
..).........##


You could see 3 electric eels.

Vanquished Creatures
  An orc wizard (D:3)
  6 adders
  3 gnolls (D:3)
  2 worms
  2 dart slugs
  2 orcs (D:3)
  4 endoplasms
  6 giant cockroaches
  4 hobgoblins
  2 quokkas
  7 bats
  2 frilled lizards
  11 goblins
  6 kobolds
  8 rats
66 creatures vanquished.

Vanquished Creatures (others)
  2 goblins (D:3)
  A kobold (D:3)
3 creatures vanquished.

Grand Total: 69 creatures vanquished

Notes
Turn   | Place    | Note
-------+----------+-------------------------------------------
     0 | D:1      | Okkudo the Hill Orc Monk began the quest for the Orb.
     0 | D:1      | Reached XP level 1. HP: 19/19 MP: 1/1
   152 | D:1      | Reached XP level 2. HP: 27/27 MP: 2/2
   732 | D:1      | Reached XP level 3. HP: 29/33 MP: 3/3
  1130 | D:2      | Reached skill level 5 in Axes
  1441 | D:2      | Reached XP level 4. HP: 36/40 MP: 4/4
  1806 | D:2      | Reached skill level 6 in Axes
  1977 | D:3      | Became a worshipper of Beogh the Brigand
  1977 | D:3      | Reached * piety under Beogh
  1977 | D:3      | Reached ** piety under Beogh
  2023 | D:3      | Found a transporter.
  2050 | D:3      | Found a transporter.
  2169 | D:3      | Reached XP level 5. HP: 44/46 MP: 5/5
  2185 | D:3      | Reached skill level 7 in Axes
  2636 | D:3      | Found a burning altar of Makhleb.
  2636 | D:3      | Noticed a cacodemon
  2887 | D:3      | Killed from afar by an electric eel

Illustrated notes

Levels and vault maps discovered:
D:1:      dpeg_arrival_morbid_curiosity, layout_loops_corners, st_stairs_1
D:2:      layout_basic
D:3:      gammafunk_steamed_eel, layout_rooms, makhleb_altar_promises_db,
          serial_co_window_serial, co_window_paths_a, co_window_paths_a,
          co_window_paths_b, co_window_paths_a, co_window_of_opportunity_a,
          co_window_paths_b, co_window_paths_a, co_window_unsneaky_path_a,
          co_window_2corner, co_window_corner_b, co_window_unsneaky_path_e,
          glass_columns_a, glass_columns_b, glass_columns_a, glass_columns_b,
          glass_columns_a, grunt_ministairs_2

Skill      XL: |  1  2  3  4  5 |
---------------+----------------+-----
Fighting       | 4 |  4.1
Axes           | 5 6 7 |  7.6
Dodging        | |  2.7

Action                     |  1- 3 |  4- 6 || total
---------------------------+-------+-------++-------
  Melee: Hand axe          |    88 |    80 ||   168
   Fire: Sling             |       |    24 ||    24
 Invoke: Convert to Beogh  |       |     1 ||     1
  Evoke: Wand              |       |     1 ||     1
 Armour: Robe              |     9 |       ||     9
         Leather armour    |     7 |    17 ||    24
  Dodge: Dodged            |    55 |    42 ||    97
